Map: Ulrena

Players

Taimoor - Winner!

  • Race: Protoss Protoss
  • League: Diamond

EnlistedReb

  • Race: Zerg Zerg
  • League: Diamond

VOD

Have the link to the VOD?

Description

A proxy 4 gate vs Zerg, transitioning into void rays while also holding a ling-counter attack

Time

  • Played on: Jan. 21, 2016, 9:59 p.m.
  • Length: 8:34
Show
View Real Time Build Order
Export as new Build Order

Taimoor Protoss - Winner!

Build Orders:  

Get SALT Encoding   

  12  0:00  Probe (Chrono Boost)  
  13  0:11  Probe (Chrono Boost)  
  14  0:22  Probe (Chrono Boost)  
  15  0:30  Pylon  
  15  0:48  Probe (Chrono Boost)  
  15  0:49  Gateway  
  16  0:52  Gateway  
  16  0:59  Probe (Chrono Boost)  
  17  1:05  Gateway  
  17  1:10  Probe (Chrono Boost)  
  18  1:19  Gateway  
  18  1:30  Pylon  
  18  1:37  Zealot (Chrono Boost)  
  22  1:43  Zealot (Chrono Boost)  
  24  1:57  Zealot (Chrono Boost)  
  24  2:04  Zealot (Chrono Boost)  
  28  2:10  Zealot (Chrono Boost)  
  28  2:12  Pylon  
  28  2:21  Zealot (Chrono Boost)  
  30  2:26  Probe  
  30  2:28  Assimilator  
  31  2:30  Zealot (Chrono Boost)  
  31  2:34  Assimilator  
  33  2:48  Zealot x2 (Chrono Boost)  
  37  2:54  Zealot (Chrono Boost)  
  37  3:08  Zealot (Chrono Boost)  
  37  3:15  Zealot (Chrono Boost)  
  35  3:24  Zealot (Chrono Boost)  
  37  3:33  Probe  
  38  3:38  Pylon  
  38  3:45  Probe  
  37  3:53  Zealot (Chrono Boost)  
  38  3:57  Probe  
  38  3:59  Cybernetics Core  
  39  4:07  Pylon  
  39  4:09  Probe  
  40  4:21  Probe  
  41  4:39  Mothership Core (Chrono Boost)  
  41  4:41  Pylon  
  43  4:51  Warp Gate (Chrono Boost)  
  43  4:52  Pylon  
  43  5:16  Probe (Chrono Boost)  
  44  5:21  Stargate  
  44  5:34  Pylon  
  44  5:47  Pylon  
  44  5:49  Pylon  
  44  5:50  Pylon  
  44  5:54  Probe (Chrono Boost)  
  45  5:58  Pylon  
  45  6:05  Void Ray (Chrono Boost)  
  49  6:27  Pylon  
  49  6:42  Nexus  
  49  6:44  Pylon  
  49  6:51  Adept x3  
  49  6:52  Void Ray  
  59  6:58  Adept  
  61  7:11  Pylon  
  61  7:16  Adept x2  
  61  7:19  Sentry  
  67  7:32  Sentry  
  69  7:44  Adept x3  
  69  7:48  Probe  
  76  7:55  Probe  
  76  7:56  Pylon  
  71  8:14  Zealot x2  
  71  8:15  Zealot  
  73  8:21  Adept  
Show
View Real Time Build Order
Export as new Build Order

EnlistedReb Zerg 

Build Orders: Pool First 

Get SALT Encoding   

  12  0:01  Drone  
  13  0:12  Overlord  
  13  0:18  Drone  
  14  0:31  Drone x2  
  14  0:34  Drone  
  17  1:00  Spawning Pool  
  16  1:12  Hatchery  
  16  1:14  Drone  
  16  1:18  Drone  
  17  1:25  Drone  
  17  1:26  Drone  
  17  1:29  Extractor  
  18  1:38  Drone  
  20  1:47  Drone, Queen  
  22  1:55  Spine Crawler  
  22  1:57  Zergling x2  
  22  2:10  Overlord  
  21  2:20  Extractor  
  21  2:23  Zergling x2  
  21  2:28  Queen  
  24  2:30  Zergling x2  
  24  2:31  Metabolic Boost  
  25  2:40  Zergling x2  
  21  2:51  Zergling x2  
  21  2:58  Zergling x2  
  21  2:59  Zergling x2  
  21  3:04  Zergling x4  
  21  3:16  Drone  
  21  3:25  Drone  
  22  3:31  Queen  
  24  3:45  Zergling x2  
  24  3:52  Zergling x8  
  28  3:59  Drone  
  29  4:34  Overlord  
  29  4:35  Overlord  
  29  4:45  Spore Crawler  
  29  4:46  Zergling x2  
  29  4:48  Overlord  
  29  5:01  Zergling x4  
  27  5:16  Zergling x2  
  28  5:26  Drone  
  29  5:28  Queen  
  29  5:31  Drone  
  31  5:43  Drone  
  32  5:50  Evolution Chamber  
  31  6:03  Drone  
  31  6:04  Drone  
  33  6:08  Queen  
  35  6:13  Drone  
  36  6:24  Drone  
  37  6:34  Drone  
  37  6:36  Drone x2  
  40  6:42  Zergling x2  
  41  6:47  Queen  
  43  6:55  Hatchery  
  42  7:05  Zergling x4  
  44  7:09  Zergling x2  
  45  7:22  Zergling x6  
  46  7:48  Spine Crawler  
  46  7:50  Zergling x4  
  46  7:51  Zergling x2  
  48  7:52  Roach Warren  
  48  7:55  Hatchery  
  46  8:09  Zergling x2  
  46  8:10  Zergling x4  
Tags
 
Add a new tag
Caveats
  • Supply blocks, unpowered buildings, or Contaminate may cause inaccurate times.
  • Supply counts are checked every 10 seconds.